 Dungeon Crawl Stone Soup version 0.26-a0-450-ge645bd13c1 (webtiles) character file.

Game seed: 5192864545159489245

79 MrRokkomies the Skirmisher (level 3, -4/30 HPs)
             Began as a Demigod Wanderer on July 27, 2020.
             Killed by divine providence
             ... invoked by an orc priest
              (14 damage)
             ... on level 3 of the Dungeon.
             The game lasted 00:07:49 (2329 turns).

MrRokkomies the Skirmisher (Demigod Wanderer)       Turns: 2329, Time: 00:07:49

Health: -4/30      AC: 10    Str: 15    XL:     3   Next: 95%
Magic:  15/15      EV:  8    Int: 18    God:
Gold:   157        SH:  3    Dex: 15    Spells: 1/4 levels left

rFire    . . .     SeeInvis .   p - +0 mace
rCold    . . .     Faith    .   u - +0 buckler
rNeg     . . .     Spirit   .   d - +2 scale mail
rPois    +         Reflect  .   (no helmet)
rElec    .         Harm     .   m - scarf {repulsion}
rCorr    .                      (no gloves)
MR       .....                  l - +1 pair of boots {rampage}
Stlth    ..........             (no amulet)
HPRegen  0.10/turn              o - ring of poison resistance
MPRegen  0.14/turn              c - ring of magical power

@: mighty, repel missiles
A: high mp 1
a: no special abilities


You were on level 3 of the Dungeon.
You visited 1 branch of the dungeon, and saw 3 of its levels.

You collected 157 gold pieces.

Inventory:

Hand Weapons
 a - a +0 dagger
 p - a +0 mace (weapon)
Armour
 d - a +2 scale mail (worn)
 j - a +0 cloak
 l - a +1 pair of boots of rampaging (worn)
 m - a scarf of repulsion (worn)
 u - a +0 buckler (worn)
Jewellery
 c - a ring of magical power (right hand)
 o - a ring of poison resistance (left hand)
 v - an uncursed ring of fire
Scrolls
 e - a scroll of teleportation
 h - a scroll of identify
Potions
 b - a potion of haste {unknown}
 f - a potion of might
 g - a potion of curing {unknown}
 i - 2 potions of degeneration {unknown}
 k - a potion of stabbing {unknown}
 r - a potion of lignification {unknown}
 s - 2 potions of magic {unknown}


   Skills:
 * Level 2.8 Fighting
   Level 1.7 Bows
 - Level 1.0 Throwing
 - Level 1.1 Armour
 + Level 1.0 Dodging
 - Level 1.0 Spellcasting
 * Level 2.0 Conjurations
   Level 1.7 Hexes
 + Level 0.8 Air Magic
   Level 1.0 Evocations


You had one spell level left.
You knew the following spells:

 Your Spells              Type           Power        Failure   Level
a - Magic Dart            Conj           #...         52%         1
b - Poisonous Vapours     Pois/Air       #.....       87%         2

Your spell library contained the following spells:

 Spells                   Type           Power        Failure   Level
 Swiftness                Air            #.......     83%         2
 Static Discharge         Conj/Air       #.......     93%         3


Dungeon Overview and Level Annotations

Branches:
Dungeon (3/15)

Annotations:
D:3 Sigmund


Innate Abilities, Weirdness & Mutations

You have an increased reservoir of magic. (+10% MP)


Message History

You hit the orc.
The orc is severely wounded.
An orc comes into view. It is wielding a +0 club.
The orc priest invokes the aid of Beogh against you.
Beogh smites you! You block something's attack.
The orc hits you with a +0 mace.
The orc moves out of view.
You hear a shout!
Your scale mail prevents you from hitting the orc.
The orc is severely wounded.
You hear a shout! x2
The orc hits you but does no damage.
The orc priest calls upon Beogh to heal the orc.
The orc's wounds heal themselves!
Something hits you but does no damage.
You sock the orc!
You kill the orc!
Something hits you. The goblin barely misses you.
You completely miss the goblin.
The orc priest invokes the aid of Beogh against you.
Beogh smites you!
You die... .. .. .. #. ###.###### .. #...?.... ..#### ...o... ...).# ....( +###.#### oo.

#....# #g# #....#
#@##
#....#+######..####
#..<.....)........#
#####..............#
+...'..............#
#####(.............#
#..............#
###..............#
###................#


You could see an orc priest, 2 orcs and a goblin.

Vanquished Creatures
  2 gnolls (D:2)
  2 adders
  A leopard gecko (D:1)
  2 orcs (D:3)
  6 hobgoblins
  4 jackals (D:1)
  A ball python (D:2)
  7 bats
  2 frilled lizards (D:2)
  5 goblins
  3 kobolds
  5 rats
40 creatures vanquished.

Notes
Turn   | Place    | Note
-------+----------+-------------------------------------------
     0 | D:1      | MrRokkomies the Demigod Wanderer began the quest for the
                  | Orb.
     0 | D:1      | MrRokkomies set off with the following items: a +0 dagger,
                  | a +2 scale mail; and the following spell memorised: Magic
                  | Dart; and the following spells available to memorise:
                  | Poisonous Vapours, Swiftness, Static Discharge
     0 | D:1      | Reached XP level 1. HP: 17/17 MP: 4/4
   251 | D:1      | Reached XP level 2. HP: 16/24 MP: 5/5
   352 | D:1      | Learned a level 2 spell: Poisonous Vapours
   400 | D:1      | Reached skill level 1 in Conjurations
  1318 | D:2      | Reached XP level 3. HP: 27/30 MP: 6/6
  2255 | D:3      | Reached skill level 1 in Dodging
  2324 | D:3      | Noticed Sigmund
  2329 | D:3      | Killed from afar by an orc priest

Illustrated notes

Levels and vault maps discovered:
D:1:      matt_arrival_refuge, layout_basic, minmay_misc_feat_rugged
D:2:      layout_loops_corners
D:3:      layout_basic, uniq_sigmund

Skill      XL: |  1  2  3 |
---------------+----------+-----
Fighting       | 2 |  2.8
Conjurations   | 1 2 |  2.0
Dodging        | 1 |  1.0
Bows           | |  1.7
Throwing       | |  1.0
Armour         | |  1.1
Spellcasting   | |  1.0
Hexes          | |  1.7
Air Magic      | |  0.8
Evocations     | |  1.0

Action                   || total
-------------------------++-------
Melee: Dagger            ||   132
       Mace              ||    79
 Cast: Magic Dart        ||     2
  Use: Scroll            ||     6
       Potion            ||     1
Armor: Ring mail         ||    35
       Scale mail        ||    87
Dodge: Dodged            ||   146
Block: Buckler           ||     5

Table legend: (Time is in decaauts)
 A = Elapsed time spent in this place.
 B = Non-inter-level travel time spent in this place.
 C = Inter-level travel time spent in this place.
 D = Time resting spent in this place.
 E = Time spent auto-exploring this place.
 F = Levels seen in this place.
 G = Mean time per level.
                   A        B        C        D        E       F      G
               +--------+--------+--------+--------+--------+-----+--------+
         Total |   2360 |   2264 |     96 |    444 |   1308 |   3 |  786.7 |
       Dungeon |   2360 |   2264 |     96 |    444 |   1308 |   3 |  786.7 |
               +--------+--------+--------+--------+--------+-----+--------+

Top non-repeatable levels by time:
     D:1: 1216 daAuts
     D:2: 1041 daAuts
     D:3: 102 daAuts
